 Dungeon Sprint DCSS version 0.28-a0-577-gb193047a1f (webtiles) character file.

Game seed: 17334116151118323294

6 SkeletonJelly the Conjurer (level 1, 0/10 HPs)
             Began as a Deep Elf Conjurer on Oct 2, 2021.
             Slain by a dart slug (3 damage)
             ... in the Dungeon (Sprint IX: "|||||||||||||||||||||||||||||").
             The game lasted 00:00:53 (40 turns).

SkeletonJelly the Conjurer (Deep Elf Conjurer)        Turns: 40, Time: 00:00:54

Health: 0/10       AC:  2    Str:  4    XL:     1   Next: 75%
Magic:  0/7        EV: 13    Int: 22    God:
Gold:   0          SH:  0    Dex: 13    Spells: 6/7 levels left

rFire   . . .      SeeInvis .   (no weapon)
rCold   . . .      Faith    .   (no shield)
rNeg    . . .      Spirit   .   a - +0 robe
rPois   .          Reflect  .   (no helmet)
rElec   .          Harm     .   (no cloak)
rCorr   .          Rampage  .   (no gloves)
Will    .....      NoTele   +   (no boots)
Stlth   ++........              (no amulet)
HPRegen 0.03/turn               (no ring)
MPRegen 0.10/turn               (no ring)

@: hasted, very quick
A: no striking features
a: no special abilities


You were in the Dungeon.
You visited 1 branch

Inventory:

Armour
 a - a +0 robe (worn)
Scrolls
 g - a scroll of blinking
Potions
 b - a potion of curing
 c - a potion of heal wounds
 e - 2 potions of magic
 f - a potion of berserk rage


   Skills:
 + Level 3.2 Dodging
 + Level 3.3 Stealth
 + Level 3.8 Spellcasting
 + Level 4.8 Conjurations


You had 6 spell levels left.
You knew the following spells:

 Your Spells              Type           Power      Damage    Failure   Level
a - Magic Dart            Conj           100%       1d8       1%          1

Your spell library contained the following spells:

 Spells                   Type           Power      Damage    Failure   Level
 Searing Ray              Conj           50%        2d6       2%          2
 Dazzling Flash           Conj/Hex       28%        N/A       13%         3
 Fulminant Prism          Conj/Hex       7%         3d7       38%         4
 Iskenderun's Mystic Bla  Conj/Tloc      14%        2d5       38%         4


Dungeon Overview and Level Annotations

Branches:
Dungeon (1/1)

Altars:


Message History

Press ? for a list of commands and other information.
Found a staircase leading out of the dungeon.
You open the door.
A rat, a giant cockroach, a kobold and 2 dart slugs come into view.
The magic dart hits the dart slug.
The dart slug is severely wounded.
You now have 5/6 mp.
The magic dart hits the dart slug.
You kill the dart slug!
Your Stealth skill increases to level 3!
You now have 4/7 mp.
The magic dart hits the giant cockroach.
The giant cockroach is heavily wounded.
The kobold shouts!
The giant cockroach misses you.
You now have 3/7 mp.
The magic dart hits the giant cockroach.
The giant cockroach is almost dead.
The giant cockroach closely misses you.
You now have 2/7 mp.
Casting: Magic Dart (safe; 1% risk of failure)
Confirm with . or Enter, or press ? or * to list all spells.
Aiming: Magic Dart (safe; 1% risk of failure)
Press: ? - help, Shift-Dir - straight line, f/p - giant cockroach
Aim: a giant cockroach (almost dead, 100% to hit)
The magic dart hits the giant cockroach.
You kill the giant cockroach!
Your Dodging skill increases to level 3!
You now have 1/7 mp.
Casting: Magic Dart (safe; 1% risk of failure)
Confirm with . or Enter, or press ? or * to list all spells.
Aiming: Magic Dart (safe; 1% risk of failure)
Press: ? - help, Shift-Dir - straight line, f - rat
Aim: a rat (100% to hit)
The magic dart hits the rat but does no damage.
The rat barely misses you.
You now have 0/7 mp.
Okay, then.
Unknown command.
Unknown command.
There is a staircase leading out of the dungeon here.
The rat barely misses you. The rat misses you. The rat bites you.
You take 3 damage, and have 7/10 hp.
MASSIVE DAMAGE!!
The rat barely misses you. The rat barely misses you.
The rat barely misses you. The rat barely misses you.
The rat bites you but does no damage. The rat closely misses you.
The rat closely misses you. The rat bites you but does no damage.
The rat closely misses you. The rat bites you.
You take 1 damage, and have 6/10 hp.
The rat misses you. The rat misses you. The rat closely misses you.
The rat bites you.
You take 1 damage, and have 5/10 hp.
The rat misses you. The rat bites you but does no damage. The rat bites you.
You take 1 damage, and have 4/10 hp.
The rat closely misses you. The rat bites you.
* * * LOW HITPOINT WARNING * * *
You take 2 damage, and have 3/10 hp.
Casting: Magic Dart (safe; 1% risk of failure)
Confirm with . or Enter, or press ? or * to list all spells.
Aiming: Magic Dart (safe; 1% risk of failure)
Press: ? - help, Shift-Dir - straight line, f/p - rat
Aim: a rat (100% to hit)
The magic dart hits the rat.
You kill the rat!
You now have 2/7 mp.
Casting: Magic Dart (safe; 1% risk of failure)
Confirm with . or Enter, or press ? or * to list all spells.
Aiming: Magic Dart (safe; 1% risk of failure)
Press: ? - help, Shift-Dir - straight line, f - kobold
Aim: a kobold, wielding a +0 club (100% to hit)
The magic dart hits the kobold.
The kobold is heavily wounded.
The kobold barely misses you.
You now have 1/7 mp.
Casting: Magic Dart (safe; 1% risk of failure)
Confirm with . or Enter, or press ? or * to list all spells.
Aiming: Magic Dart (safe; 1% risk of failure)
Press: ? - help, Shift-Dir - straight line, f/p - kobold
Aim: a kobold, wielding a +0 club (heavily wounded, 100% to hit)
The magic dart hits the kobold.
You kill the kobold!
You now have 0/7 mp.
You hit the dart slug but do no damage. You hit the dart slug but do no damage.
The dart slug completely misses you.
You aren't carrying any items that you can evoke.
You feel yourself speed up. The dart slug bites you.
You die... ▓▓▓▓▓▓▓▓▓▓▓▓ +....†'..w@▓ ▓▓▓▓▓▓▓▓▓▓▓▓

You could see a dart slug.

Vanquished Creatures
  A dart slug (D)
  A giant cockroach (D)
  A kobold (D)
  A rat (D)
4 creatures vanquished.

Notes
Turn   | Place    | Note
-------+----------+-------------------------------------------
     0 | D        | SkeletonJelly the Deep Elf Conjurer began the quest for the
                  | Orb.
     0 | D        | Reached XP level 1. HP: 10/10 MP: 6/6
    40 | D        | Slain by a dart slug

Illustrated notes

Levels and vault maps discovered:
D:        linesprint [early_d, line_temple, items_1, d_10, items_2, lair_1,
          lair_end, items_3, orc_1, orc_end, items_4, d_15, swamp_1, shoals_1,
          snake_1, spider_1, d_20, vaults_1, items_5, swamp_end, shoals_end,
          snake_end, spider_end, vaults_end, d_27, items_6, zot_1, zot_end,
          crypt_end, forest_end, elf_end, slime_end, tomb_end, abyss_end,
          pan_hell_end]

Skill      XL: |  1 |
---------------+----+-----
Stealth        | 3 |  3.3
Dodging        | 3 |  3.2
Spellcasting   | |  3.8
Conjurations   | |  4.8

Action                   || total
-------------------------++-------
Melee: Unarmed           ||     2
 Cast: Magic Dart        ||     9
  Use: Potion            ||     1
Armor: Robe              ||     3
Dodge: Dodged            ||    19

Table legend: (Time is in decaauts)
 A = Elapsed time spent in this place.
 B = Non-inter-level travel time spent in this place.
 C = Inter-level travel time spent in this place.
 D = Time resting spent in this place.
 E = Time spent auto-exploring this place.
 F = Levels seen in this place.
 G = Mean time per level.
                   A        B        C        D        E       F      G
               +--------+--------+--------+--------+--------+-----+--------+
         Total |     40 |     40 |      0 |      0 |      3 |   1 |   40.0 |
       Dungeon |     40 |     40 |      0 |      0 |      3 |   1 |   40.0 |
               +--------+--------+--------+--------+--------+-----+--------+

Top non-repeatable levels by time:
       D: 40 daAuts
